 Dungeon Crawl Stone Soup version 0.29.1-13-g9f3cf754e1 (webtiles) character file.

Game seed: 17774481632424007919

2265 Sanktem7 the Fighter (level 9, -5/129 HPs)
             Began as a Minotaur Fighter on Jan 23, 2023.
             Was a Believer of Okawaru.
             Slain by a gnoll sergeant
             ... wielding a +5 trident of freezing
              (8 damage)
             ... on level 6 of the Dungeon.
             The game lasted 00:11:26 (4921 turns).

Sanktem7 the Fighter (Minotaur Fighter)             Turns: 4921, Time: 00:11:26

Health: -5/129     AC: 28    Str: 25    XL:     9   Next: 16%
Magic:  8/8        EV:  2    Int:  5    God:    Okawaru [**....]
Gold:   342        SH:  4    Dex: 10    Spells: 8/8 levels left

rFire   . . .      SeeInvis .   a - +0 war axe {axe}
rCold   . . .      Faith    .   c - +0 buckler
rNeg    . . .      Spirit   .   (body armour currently unavailable)
rPois   +          Reflect  .   (helmet currently unavailable)
rElec   .          Harm     .   (cloak currently unavailable)
rCorr   .          Rampage  .   (gloves currently unavailable)
Will    .....      NoTele   +   (boots currently unavailable)
Stlth   +.........              (no amulet)
HPRegen 0.31/turn               i - +4 ring of protection
MPRegen 0.11/turn               M - ring of flight

@: tree-form
A: stationary, stasis, torment immunity, boosted hp, (horns 2), (retaliatory
headbutt)
a: Renounce Religion, Heroism


You were on level 6 of the Dungeon.
You worshipped Okawaru.
Okawaru was pleased with you.
You were a tree.
You visited 2 branches of the dungeon, and saw 7 of its levels.

You collected 342 gold pieces.


Innate Abilities, Weirdness & Mutations

You are a tree.
Your roots penetrate the ground, keeping you stationary.
You cannot be teleported.
You are immune to unholy pain and torment.
Your maximum health is greatly increased.
Your equipment is partially melded.
((You have a pair of horns on your head.))
((You reflexively headbutt those who attack you in melee.))


   Skills:
 * Level 10.5 Fighting
 * Level 10.0 Axes
 - Level 6.0 Armour
 - Level 3.6 Shields


You had 8 spell levels left.
You didn't know any spells.
Your spell library contained the following spells:

 Spells                   Type           Power      Damage    Failure   Level
 Ensorcelled Hibernation  Hex/Ice        0%         N/A       71%         2
 Passwall                 Tmut/Erth      0%         N/A       71%         2
 Poisonous Vapours        Pois/Air       0%         N/A       71%         2
 Swiftness                Air            0%         N/A       91%         3
 Corpse Rot               Necr/Pois/Air  0%         N/A       100%        4

Inventory:

Hand Weapons
 a - a +0 war axe (weapon) {axe}
 z - a +1 short sword of flaming {short}
   (You took it off a kobold on level 2 of the Dungeon)
 D - a +3 short sword of flaming {short}
   (You found it on level 3 of the Dungeon)
Missiles
 n - 57 stones {throwing}
 A - 10 curare-tipped darts {=fthrowing}
 B - 8 boomerangs {throwing}
 E - 12 poisoned darts (quivered) {throwing}
Armour
 b - a +0 scale mail (melded)
 c - a +0 buckler (worn)
 e - a +2 cloak (melded)
   (You found it on level 4 of the Dungeon)
 y - a +1 pair of gloves (melded)
   (You found it on level 3 of the Dungeon)
 N - the +0 cloak "Peanamam" {rElec rF- Int+5}
   (You found it on level 5 of the Dungeon)

   Int:       It affects your intelligence (+5).
   rF:        It makes you vulnerable to fire.
   rElec:     It insulates you from electricity.
Magical Staves
 F - a staff of cold {!astaff}
   (You took it off an orc on level 5 of the Dungeon)
Jewellery
 i - a +4 ring of protection (left branch)
   (You found it on level 1 of the Dungeon)
 o - a ring of resist corrosion
   (You found it on level 4 of the Dungeon)
 u - a ring of magical power
   (You found it on level 2 of the Dungeon)
 M - a ring of flight (right branch)
   (You found it on level 5 of the Dungeon)
Wands
 r - a wand of flame (12)
   (You found it on level 6 of the Dungeon)
 J - a wand of roots (12)
   (You found it on level 5 of the Dungeon)
Scrolls
 f - 2 scrolls of fear
 h - 2 scrolls of brand weapon
 l - a scroll of amnesia
 m - a scroll of magic mapping {!r}
 s - 2 scrolls of silence {!r}
 v - 2 scrolls of vulnerability {!r!r}
Potions
 d - 2 potions of might
 g - a potion of experience {unknown}
 j - a potion of cancellation {unknown}
 k - a potion of resistance {unknown}
 p - a potion of brilliance {unknown}
 q - a potion of degeneration {unknown}
 t - a potion of lignification {!q}
 w - 3 potions of heal wounds {unknown}
 x - a potion of attraction {unknown}
 C - a potion of flight {unknown}
 H - a potion of curing {unknown}
 L - a potion of berserk rage {!q}

Dungeon Overview and Level Annotations

Branches:
Dungeon (6/15) Zot: 26818  Temple (1/1) D:4 Zot: 5975

Altars:
Makhleb
Okawaru
The Shining One

Shops:
D:1 ( D:5

! ## ...# ..## ....
###..# ....#
........##.....
...............
.... .......#.
...##))g.....
#..#♣## #
#.#)g##.##.
#.)........
##....##..#
#############.#...#
#
#.........<...##..#
#.. #.........#####
..#.## #..# .
#.........#
..#...###..####
#.........####
...............


You could see a gnoll sergeant and a gnoll.


Message History

You take 6 damage, and now have 39/85 hp.
You barely miss the bullfrog. You hit the gnoll but do no damage.
You barely miss the gnoll sergeant.
The bullfrog hits you but does no damage.
The gnoll hits you but does no damage.
The gnoll sergeant hits you but does no damage.
The bullfrog closely misses you. The gnoll hits you but does no damage.
Unknown command. 😨 HP[+1]
You completely miss the gnoll sergeant. You hit the bullfrog but do no damage.
You hit the gnoll but do no damage.
The bullfrog hits you but does no damage.
The gnoll sergeant hits you with a +5 trident of freezing!
* * * LOW HITPOINT WARNING * * *
The gnoll sergeant freezes you.
* * * LOW HITPOINT WARNING * * *
The gnoll barely misses you. The gnoll closely misses you.
You furiously retaliate!
You headbutt the gnoll, but do no damage. 😨 HP[-12]
You take 12 damage, and now have 28/85 hp.
You barely miss the gnoll sergeant.
You headbutt the gnoll sergeant, but do no damage.
You slash the bullfrog! You hit the gnoll.
You kill the gnoll!
Okawaru accepts your kill.
The bullfrog hits you but does no damage.
The gnoll sergeant hits you with a +5 trident of freezing.
* * * LOW HITPOINT WARNING * * *
The gnoll sergeant freezes you.
* * * LOW HITPOINT WARNING * * *
The bullfrog hits you but does no damage.
You block the gnoll's attack. 😨 HP[-3]
You take 3 damage, and now have 25/85 hp.
You slash the gnoll sergeant! You headbutt the gnoll sergeant!
You slash the bullfrog!
You kill the bullfrog!
Okawaru accepts your kill.
You slash the iguana! You block the iguana's attack.
The gnoll hits you from afar with a +0 spear.
* * * LOW HITPOINT WARNING * * *
You block the gnoll sergeant's attack.
You now have 86 max hp (+1).
You closely miss the gnoll sergeant.
Your headbutt misses the gnoll sergeant.
You slash the ogre! You slash the iguana!
You kill the iguana!
Okawaru accepts your kill. The gnoll closely misses you.
The ogre barely misses you. You block the gnoll sergeant's attack.
You barely miss the gnoll sergeant. You hit the ogre.
The gnoll hits you but does no damage.
The gnoll sergeant hits you with a +5 trident of freezing.
* * * LOW HITPOINT WARNING * * *
The gnoll sergeant freezes you.
* * * LOW HITPOINT WARNING * * *
😱 HP[-6]
You take 6 damage, and now have 19/86 hp.
You hit the gnoll sergeant but do no damage.
You slash the ogre!
You kill the ogre!
Okawaru accepts your kill. The gnoll hits you but does no damage.
The gnoll sergeant hits you with a +5 trident of freezing!
* * * LOW HITPOINT WARNING * * *
The gnoll sergeant freezes you.
* * * LOW HITPOINT WARNING * * *
Your Axes skill increases to level 10! 😱 HP[-13]
You take 13 damage, and now have 6/86 hp.
You hit the gnoll sergeant but do no damage.
Your headbutt misses the gnoll sergeant.
The gnoll hits you but does no damage.
The gnoll sergeant hits you but does no damage. 😱 HP[+1]
You hit the gnoll sergeant but do no damage.
The gnoll hits you but does no damage.
The gnoll sergeant hits you but does no damage.
You hit the gnoll sergeant but do no damage.
The gnoll hits you from afar with a +0 spear.
* * * LOW HITPOINT WARNING * * *
The gnoll sergeant hits you with a +5 trident of freezing.
* * * LOW HITPOINT WARNING * * *
The gnoll sergeant freezes you.
* * * LOW HITPOINT WARNING * * *
😱 HP[-6]
You take 6 damage, and now have 1/86 hp.
Unknown command.
Really quaff the potion of lignification?
You turn into a tree.
Your +2 cloak melds into your body.
Your +1 pair of gloves melds into your body.
Your +0 scale mail melds into your body.
Your roots penetrate the ground.
The gnoll hits you but does no damage.
The gnoll sergeant hits you but does no damage. 😱 HP[+1]
You now have 129 max hp (+43).
You barely miss the gnoll sergeant. The gnoll hits you but does no damage.
The gnoll sergeant hits you with a +5 trident of freezing!
You die...

Skill      XL: |  1  2  3  4  5  6  7  8  9 |
---------------+----------------------------+-----
Fighting       | 4 5 6 8 10 | 10.5
Axes           | 3 4 5 6 7 9 10 | 10.0
Armour         | 4 5 6 |  6.0
Shields        | |  3.6

Action                   |  1- 3 |  4- 6 |  7- 9 || total
-------------------------+-------+-------+-------++-------
Melee: War axe           |    75 |    89 |   145 ||   309
       Headbutt          |    13 |     9 |    24 ||    46
  Use: Scroll            |       |     6 |     7 ||    13
       Potion            |       |       |     1 ||     1
Armor: Scale mail        |    35 |    61 |   105 ||   201
       Skin              |       |       |     3 ||     3
Dodge: Dodged            |    46 |    41 |    73 ||   160
Block: Buckler           |    18 |    27 |    29 ||    74

Levels and vault maps discovered:
D:1:      dpeg_arrival_round_c, layout_rooms,
          dreamdust_ecumenical_altar_hidden_monk_grotto, serial_shops,
          nicolae_shop_waterfront, st_stairs_11, minmay_misc_feat_iff
D:2:      layout_loops_corners, basic_altar
D:3:      layout_rooms, grunt_decor_resistance, uniq_sigmund
D:4:      layout_rooms, minmay_temple_entry_waves, nicolae_grassy_gnolls,
          uniq_grinder
D:5:      kennysheep_steamy, layout_basic, serial_shops, nicolae_shop_stone
D:6:      layout_rooms, serial_shops, shop, enter_ossuary_4
Temple:   bh_familiar_temple

Notes
Turn   | Place    | Note
-------+----------+-------------------------------------------
     0 | D:1      | Sanktem7 the Minotaur Fighter began the quest for the Orb.
     0 | D:1      | Reached XP level 1. HP: 19/19 MP: 0/0
     0 | D:1      | magus.rc [v1.9.6]
   175 | D:1      | Reached XP level 2. HP: 26/27 MP: 1/1
   176 | D:1      | Reached skill level 4 in Fighting
   181 | D:1      | Reached skill level 3 in Axes
   446 | D:1      | Found Redoc's Antique Weapon Shoppe.
   485 | D:1      | Reached skill level 4 in Armour
   485 | D:1      | Reached XP level 3. HP: 33/33 MP: 2/2
   561 | D:1      | You pick up a book of Vapours and begin reading...
   561 | D:1      | You add the spells Poisonous Vapours and Corpse Rot to your
                  | library.
   579 | D:1      | Found a faded altar of an unknown god.
   819 | D:2      | You pick up a book of Burglary and begin reading...
   819 | D:2      | You add the spells Passwall, Ensorcelled Hibernation and
                  | Swiftness to your library.
  1172 | D:2      | Found a glowing golden altar of the Shining One.
  1365 | D:2      | Reached XP level 4. HP: 40/41 MP: 3/3
  1492 | D:3      | Noticed a scorpion
  1503 | D:2      | Killed a scorpion
  1504 | D:2      | Reached skill level 5 in Fighting
  1504 | D:2      | Reached skill level 4 in Axes
  1564 | D:3      | Reached XP level 5. HP: 48/48 MP: 4/4
  1630 | D:3      | Noticed Sigmund
  1656 | D:3      | Killed Sigmund
  1657 | D:3      | Reached skill level 6 in Fighting
  1657 | D:3      | Reached skill level 5 in Axes
  1657 | D:3      | Reached skill level 5 in Armour
  1657 | D:3      | Reached XP level 6. HP: 44/57 MP: 5/5
  2135 | D:4      | Found a staircase to the Ecumenical Temple.
  2144 | Temple   | Entered the Ecumenical Temple
  2161 | Temple   | Became a worshipper of Warmaster Okawaru
  2424 | D:4      | Noticed Grinder
  2425 | D:4      | Paralysed by Grinder for 2 turns
  2453 | D:4      | Reached skill level 6 in Axes
  2453 | D:4      | Reached XP level 7. HP: 31/64 MP: 6/6
  2466 | D:4      | HP: 14/64 [Grinder (4)]
  2480 | D:4      | Killed Grinder
  2481 | D:4      | Reached skill level 7 in Fighting
  3014 | D:5      | Entered Level 5 of the Dungeon
  3104 | D:5      | Reached skill level 7 in Axes
  3164 | D:5      | Reached * piety under Okawaru
  3165 | D:5      | Reached skill level 6 in Armour
  3198 | D:5      | Found Maxis's Distillery.
  3313 | D:5      | Reached skill level 8 in Fighting
  3345 | D:5      | Reached XP level 8. HP: 74/74 MP: 7/7
  3712 | D:5      | Reached skill level 8 in Axes
  3733 | D:5      | Reached skill level 9 in Fighting
  4192 | D:5      | Identified the +0 cloak "Peanamam" {rElec rF- Int+5}
  4757 | D:6      | Reached ** piety under Okawaru
  4758 | D:6      | Reached skill level 9 in Axes
  4794 | D:6      | Reached skill level 10 in Fighting
  4797 | D:6      | Reached XP level 9. HP: 67/85 MP: 8/8
  4915 | D:6      | HP: 21/86 [gnoll sergeant/+5 trident of freezing (4)]
  4916 | D:6      | HP: 8/86 [gnoll sergeant/+5 trident of freezing (11)]
  4917 | D:6      | Reached skill level 10 in Axes
  4919 | D:6      | HP: 2/86 [gnoll sergeant/+5 trident of freezing (3)]
  4921 | D:6      | Slain by a gnoll sergeant

Vanquished Creatures
  Grinder (D:4)
  Sigmund (D:3)
  2 steam dragons
  An ice beast (D:6)
  A black bear (D:4)
  2 ogres
  A centaur (D:6)
  A kobold brigand (D:6)
  2 bullfrogs (D:6)
  A scorpion (D:2)
  6 killer bees (D:5)
  3 jellies
  5 hounds
  2 orc priests (D:5)
  4 iguanas
  6 gnolls
  6 adders
  A shadow imp (D:6)
  2 white imps (D:5)
  3 worms
  3 dart slugs
  13 orcs
  8 endoplasms
  4 giant cockroaches (D:2)
  7 goblins
  12 hobgoblins
  8 jackals
  5 quokkas
  10 ball pythons
  3 bats
  4 frilled lizards
  10 kobolds
  4 rats
142 creatures vanquished.

Vanquished Creatures (others)
  An orc wizard (D:5)
  9 fungi (D:5)
  9 plants (D:4)
19 creatures vanquished.

Grand Total: 161 creatures vanquished

Table legend:
 A = Non-vault XP
 B = Vault XP
 C = Vault XP percentage of total XP
 D = Non-vault monster count
 E = Vault monster count
 F = Vault count percentage of total count
                 A         B        C        D         E       F
            +---------+---------+-------+---------+---------+-------
      Total |    2290 |     947 |  29.3 |     132 |      11 |   7.7
            +---------+---------+-------+---------+---------+-------
        D:1 |      45 |       7 |  13.5 |      25 |       4 |  13.8
        D:2 |     132 |       0 |   0.0 |      28 |       0 |   0.0
        D:3 |      45 |     243 |  84.4 |      16 |       1 |   5.9
        D:4 |     266 |     320 |  54.6 |      15 |       4 |  21.1
        D:5 |     946 |     200 |  17.5 |      24 |       1 |   4.0
        D:6 |     856 |     177 |  17.1 |      24 |       1 |   4.0
            +---------+---------+-------+---------+---------+-------

Illustrated notes

Table legend:
 A = Kills in this place as a percentage of kills in entire the game.
 B = Kills by you in this place as a percentage of kills by you in the entire game.
 C = Kills by friends in this place as a percentage of kills by friends in the entire game.
 D = Other kills in this place as a percentage of other kills in the entire game.
 E = Experience gained in this place as a percentage of experience gained in the entire game.
 F = Experience gained in this place divided by the number of levels of this place that you have seen.
                   A       B       C       D       E      F
               +-------+-------+-------+-------+-------+----------------------
         Total | 100.0 | 100.0 |   N/A | 100.0 | 100.0 | 462.4
       Dungeon | 100.0 | 100.0 |   N/A | 100.0 | 100.0 | 539.5
               +-------+-------+-------+-------+-------+----------------------

Table legend: (Time is in decaauts)
 A = Elapsed time spent in this place.
 B = Non-inter-level travel time spent in this place.
 C = Inter-level travel time spent in this place.
 D = Time resting spent in this place.
 E = Time spent auto-exploring this place.
 F = Levels seen in this place.
 G = Mean time per level.
                   A        B        C        D        E       F      G
               +--------+--------+--------+--------+--------+-----+--------+
         Total |   4992 |   4840 |    152 |    423 |   3470 |   7 |  713.1 |
       Dungeon |   4967 |   4815 |    152 |    423 |   3460 |   6 |  827.8 |
        Temple |     24 |     24 |      0 |      0 |     10 |   1 |   24.0 |
               +--------+--------+--------+--------+--------+-----+--------+

Top non-repeatable levels by time:
     D:5: 1741 daAuts
     D:4: 905 daAuts
     D:2: 791 daAuts
     D:1: 737 daAuts
     D:3: 611 daAuts
     D:6: 180 daAuts
  Temple: 24 daAuts
